 Dungeon Sprint DCSS version 0.30.1-11-g7821555f0a (webtiles) character file.

Game seed: 18298313630456232636

393070 Groucho the Formicid Barricade (level 21, -7/183 HPs)
             Began as a Formicid Fighter on Jan 4, 2024.
             Was an Elder of Cheibriados.
             Killed by divine providence
             ... invoked by a royal mummy
              (14 damage)
             ... in the Dungeon (Sprint IX: "|||||||||||||||||||||||||||||").
             The game lasted 00:49:22 (13996 turns).

Groucho the Formicid Barricade (Formicid Fighter)  Turns: 13996, Time: 00:49:23

Health: -7/183     AC: 39    Str: 36    XL:     21   Next: 56%
Magic:  33/51      EV: 31    Int: 29    God:    Cheibriados [****..]
Gold:   60         SH: 31    Dex: 25    Spells: 72/72 levels left

rFire   + + +        w - +8 great mace (pain)
rCold   . . .        L - +3 tower shield
rNeg    + + .        Y - +5 shadow dragon scales
rPois   +            (helmet unavailable)
rElec   .            a - +0 cloak
rCorr   .            b - +1 pair of gloves
SInv    +            J - +0 pair of boots {Stlth+}
Will    +++..        V - amulet of Siramem {rN+ Regen+ Str+3}
Stlth   ++++++++++   U - ring of Vanity {rF+ Will+ Str+2}
HPRegen 1.30/turn    W - ring of the Barnacled God {rPois rF++ rN+ Int+4 Slay-3}
MPRegen 0.32/turn

%: no passive effects
@: studying Short Blades, unable to read, very slow
A: permanent stasis, dig shafts and tunnels, antennae 3, four strong arms,
iridescent scales 1, clumsy 1, frail 1, inability to read after injury 1
}: 7/17 runes: decaying, serpentine, barnacled, slimy, elven, silver, gossamer
a: Dig, Renounce Religion, Bend Time, Temporal Distortion, Slouch


You were in the Dungeon.
You worshipped Cheibriados.
Cheibriados was greatly pleased with you.
You visited 1 branch You collected 1949 gold pieces.
You spent 1889 gold pieces at shops.

Inventory:

Hand Weapons
 w - a +8 great mace of pain (weapon)
 C - a +0 triple crossbow
 D - the +10 zealot's sword {holy, Zealotry, *Rage rN+ EV+3}
   (You found it in the Dungeon)

   Zealotry:  Whenever the wielder enters a berserk rage, their allies are
   berserked alongside them.
   EV:        It affects your evasion (+3).
   rN:        It protects you from negative energy.
   *Rage:     It berserks you when you make melee attacks (+20% chance).
 Z - the +5 battleaxe "Xofakul" {freeze, rN+ Str+2}
   (You found it in the Dungeon)

   Str:       It affects your strength (+2).
   rN:        It protects you from negative energy.
Missiles
 c - a throwing net
 M - 6 boomerangs
 N - a silver javelin (quivered)
Armour
 a - a +0 cloak (worn)
 b - a +1 pair of gloves (worn)
 J - a +0 pair of boots of stealth (worn)
 K - +0 gold dragon scales
 L - a +3 tower shield (worn)
 Y - +5 shadow dragon scales (worn)
Jewellery
 o - a +3 ring of dexterity
 p - an amulet of the acrobat
 u - a ring of fire
 y - a ring of willpower
 A - a ring of poison resistance
 B - a ring of ice
 E - an amulet of regeneration
 F - a +6 ring of intelligence
 G - a ring of wizardry
 H - a +6 ring of dexterity
 I - a +6 ring of dexterity
 O - a +4 ring of protection
 P - an amulet of faith
 T - the ring of Summertime {MP+9 Str+3}
   (You found it in the Dungeon)

   [ring of strength]

   Str:       It affects your strength (+3).
   MP:        It affects your magic capacity (+9).
 U - the ring of Vanity (left hand) {rF+ Will+ Str+2}
   (You found it in the Dungeon)

   [ring of protection from fire]

   Str:       It affects your strength (+2).
   rF:        It protects you from fire.
   Will:      It increases your willpower.
 V - the amulet of Siramem (around neck) {rN+ Regen+ Str+3}
   (You found it in the Dungeon)

   [amulet of regeneration]

   Str:       It affects your strength (+3).
   rN:        It protects you from negative energy.
   Regen:     It increases your rate of health regeneration.
 W - the ring of the Barnacled God (right hand) {rPois rF++ rN+ Int+4 Slay-3}
   (You found it in the Dungeon)

   [ring of poison resistance]

   Int:       It affects your intelligence (+4).
   Slay:      It affects your accuracy & damage with ranged weapons and melee
   (-3).
   rF:        It greatly protects you from fire.
   rPois:     It protects you from poison.
   rN:        It protects you from negative energy.
 X - the ring "Jof Offo" {Contam rElec rF+ Stlth+}
   (You found it in the Dungeon)

   [ring of protection from fire]

   rF:        It protects you from fire.
   rElec:     It insulates you from electricity.
   Contam:    It causes magical contamination when unequipped.
   Stlth:     It makes you more stealthy.
Wands
 k - a wand of roots (10)
 l - a wand of mindburst (20)
Scrolls
 h - 7 scrolls of blinking
 j - 2 scrolls of amnesia
 q - 2 scrolls of brand weapon
 r - 11 scrolls of enchant armour
 s - 5 scrolls of fog
 t - 10 scrolls of identify
 v - 4 scrolls of enchant weapon
 z - 3 scrolls of fear
 S - a scroll of magic mapping
Potions
 d - 5 potions of might
 e - a potion of invisibility
 f - 2 potions of brilliance
 g - 7 potions of magic
 m - a potion of resistance
 Q - a potion of flight {unknown}
 R - 2 potions of attraction {unknown}


   Skills:
 O Level 27 Fighting
 O Level 27 Maces & Flails
 + Level 25.7 Throwing
 O Level 27 Armour
 + Level 25.1 Dodging
 - Level 20.5 Stealth
 O Level 27 Shields
 + Level 26.4 Spellcasting
 + Level 26.5 Necromancy
 - Level 16.5 Invocations


You had 72 spell levels left.
You didn't know any spells.
Your spell library was empty.

Dungeon Overview and Level Annotations

Branches:
Dungeon (1/1)

Altars:
Cheibriados
Dithmenos
Elyvilon
Fedhas
Gozag
Hepliaklqana
Kikubaaqudgha
Makhleb
Nemelex Xobeh
Okawaru
Qazlal
Ru
Sif Muna
Trog
Uskayaw
Vehumet
Wu Jian
Xom
Yredelemnul
Zin
The Shining One
Jiyva
Lugonu

Shops:
D ?!?(


Innate Abilities, Weirdness & Mutations

You cannot be hasted, slowed, berserked, paralysed or teleported.
You can dig through walls and to a lower floor.
You have a pair of large antennae on your head. (SInv)
Your four strong arms can wield two-handed weapons with a shield.
You are partially covered in iridescent scales. (AC +2)
You are clumsy. (Dex -2)
You are frail. (-10% HP)
You occasionally lose the ability to read scrolls when taking damage.


Message History

Your body is wracked with pain!
You feel threatened and lose the ability to read scrolls!
* * * LOW HITPOINT WARNING * * *
The royal mummy gestures wildly while chanting.
The royal mummy casts a spell.
Okay, then.
Okay, then.
You crush the royal mummy like a grape!!!
The royal mummy is severely damaged.
The royal mummy hits you but does no damage.
Unknown command.
You bludgeon the royal mummy!!
The royal mummy is almost destroyed.
The mummy priest calls on the powers of darkness!
Your body is wracked with pain!
* * * LOW HITPOINT WARNING * * *
Unknown command.
Unknown command.
You hit the royal mummy but do no damage.
The royal mummy is almost destroyed.
The royal mummy hits you but does no damage.
A royal mummy comes into view.
Unknown command.
Unknown command.
You completely miss the royal mummy.
The royal mummy is almost destroyed.
The royal mummy mumbles some strange words.
The royal mummy points at you and mumbles some strange words.
Something smites you!
* * * LOW HITPOINT WARNING * * *
The royal mummy casts a spell.
Unknown command.
You hit the royal mummy but do no damage.
The royal mummy is almost destroyed.
The mummy priest mumbles some strange prayers to its god against you.
Something smites you!
* * * LOW HITPOINT WARNING * * *
The royal mummy points at you and mumbles some strange words.
Something smites you!
You die...

*********************************
{,,{,,{,,{+{+,,,,,,,,,,,,,,,,,,,,
*********************************
,,,,,,,,,,,,,,,,,,,,,,,,,,,,,,,,,
*********▓▓▓▓▓▓▓▓▓▓▓▓▓▓▓▓▓▓▓▓▓▓▓▓
{{{{{{+{,MMMBBMM@.........'......
▓▓▓▓▓▓▓▓▓▓▓▓▓▓▓▓▓▓▓▓▓▓▓▓▓▓▓▓▓▓▓▓▓
.................................
▓▓▓▓▓▓▓▓▓▓▓▓▓▓▓▓▓▓▓▓▓▓▓▓▓▓▓▓▓♣♣♣♣
.............'.....)))))))))'....
▓▓▓▓▓▓▓▓▓▓▓▓▓▓▓▓▓▓▓▓▓▓▓▓▓▓▓▓▓♣♣♣♣
.................................
▓▓▓▓▓▓▓▓▓▓▓▓▓▓▓▓▓▓▓▓▓▓▓▓▓▓▓▓▓▓▓▓▓
.....'............)['.'.'.'......


You could see 4 royal mummies, a mummy priest and 2 death scarabs.

Vanquished Creatures
  the Royal Jelly (D)
  4 orbs of fire (D)
  3 ancient liches (D)
  Mennas (D)
  A royal mummy (D)
  Sojobo (D)
  Xtahua (D)
  Jory (D)
  Nikola (D)
  4 golden dragons (D)
  3 electric golems (D)
  6 tentacled monstrosities (D)
  Rupert (D)
  3 liches (D)
  A deep elf master archer (D)
  27 Orb Guardians (D)
  A quicksilver dragon (D)
  2 deep elf blademasters (D)
  7 acid blobs (D)
  3 death cobs (D)
  Frances (D)
  14 sphinxes (D)
  Kirke (D)
  2 tengu reavers (D)
  Donald (D)
  Agnes (D)
  5 storm dragons (D)
  8 azure jellies (D)
  A draconian monk (D)
  8 shadow dragons (D)
  7 nagarajas (D)
  Ilsuiw (D)
  7 rockslimes (D)
  3 draconian knights (D)
  2 deep elf sorcerers (D)
  A frost giant (D)
  4 fire giants (D)
  3 emperor scorpions (D)
  Louise (D)
  2 ghost moths (D)
  4 vault wardens (D)
  Aizul (D)
  2 draconian scorchers (D)
  A draconian shifter (D)
  3 draconian annihilators (D)
  4 ironbound preservers (D)
  4 very ugly things (D)
  7 quicksilver oozes (D)
  3 eleionomae (D)
  6 stone giants (D)
  6 vampire knights (D)
  5 purple draconians (D)
  Nessos (D)
  6 black draconians (D)
  4 red draconians (D)
  3 deep elf annihilators (D)
  Azrael (D)
  A deep elf demonologist (D)
  3 white draconians (D)
  A bunyip (D)
  4 mummy priests (D)
  2 entropy weavers (D)
  4 ettins (D)
  5 merfolk impalers (D)
  A merfolk javelineer (D)
  4 fire dragons (D)
  2 deep elf high priests (D)
  3 deep elf death magi (D)
  A great orb of eyes (D)
  2 rakshasas (D)
  25 vault guards (D)
  3 ice dragons (D)
  3 yaktaur captains (D)
  6 hydras (D)
  A peacekeeper (D)
  An alligator (D)
  3 catoblepae (D)
  A ghost crab (D)
  An anaconda (D)
  An ironbound frostheart (D)
  Erica (D)
  An ogre mage (D)
  2 boulder beetles (D)
  5 merfolk aquamancers (D)
  A merfolk avatar (D)
  6 centaur warriors (D)
  A two-headed ogre (D)
  2 vampire magi (D)
  3 death yaks (D)
  2 deep troll shamans (D)
  A naga warrior (D)
  6 orc high priests (D)
  A shock serpent (D)
  13 spriggans (D)
  A spriggan berserker (D)
  2 hell knights (D)
  A pharaoh ant (D)
  6 swamp dragons (D)
  A goliath frog (D)
  A wizard (D)
  2 ironbound convokers (D)
  A sea snake (D)
  A deep elf pyromancer (D)
  2 orc knights (D)
  4 wolf spiders (D)
  2 ugly things (D)
  A cyclops (D)
  2 manticores (D)
  16 moths of wrath (D)
  2 elephants (D)
  3 guardian serpents (D)
  5 black mambas (D)
  A water nymph (shapeshifter) (D)
  5 naga magi (D)
  5 vault sentinels (D)
  A merfolk siren (D)
  2 cane toads (D)
  An unseen horror (D)
  A water nymph (D)
  4 demonic crawlers (D)
  A freezing wraith (D)
  2 efreet (D)
  A tengu conjurer (D)
  2 komodo dragons (D)
  A troll (D)
  17 guardian mummies (D)
  2 hornets (D)
  A tyrant leech (D)
  4 merfolk (D)
  A meliai (D)
  A blink frog (D)
  3 slime creatures (D)
  A jumping spider (D)
  5 yaks (D)
  3 fire elementals (D)
  A golden eye (D)
  3 hogs (D)
  2 basilisks (D)
  A naga (D)
  2 redbacks (D)
  A hell hound (D)
  An acid dragon (D)
  2 water moccasins (D)
  A swamp drake (D)
  3 floating eyes (D)
  7 orc warriors (D)
  2 black bears (D)
  A bullfrog (D)
  A scorpion (D)
  A killer bee (D)
  A hound (D)
  A sleepcap (D)
  8 orc priests (D)
  An iguana (D)
  3 orc wizards (D)
  13 orcs (D)
  2 endoplasms (D)
  A ball python (D)
  A frilled lizard (D)
  A rat (D)
508 creatures vanquished.

Vanquished Creatures (others)
  A vampire knight (D)
  A hydra (D)
  An orc high priest (D)
3 creatures vanquished.

Grand Total: 511 creatures vanquished

Notes
Turn   | Place    | Note
-------+----------+-------------------------------------------
     0 | D        | Groucho the Formicid Fighter began the quest for the Orb.
     0 | D        | Reached XP level 1. HP: 18/18 MP: 1/1
     6 | D        | Reached skill level 1 in Invocations
    39 | D        | Noticed a hound
    39 | D        | Noticed a sleepcap
    39 | D        | Noticed an iguana
    39 | D        | Noticed a scorpion
    47 | D        | Killed a scorpion
    48 | D        | Reached skill level 5 in Shields
    48 | D        | Reached XP level 2. HP: 24/26 MP: 2/4
    48 | D        | Reached XP level 3. HP: 30/32 MP: 2/5
    48 | D        | Reached XP level 4. HP: 35/38 MP: 2/6
    56 | D        | Reached skill level 5 in Fighting
    56 | D        | Reached skill level 5 in Armour
    63 | D        | Reached XP level 5. HP: 28/46 MP: 3/8
    74 | D        | Reached skill level 5 in Invocations
   463 | D        | Found a snail-covered altar of Cheibriados.
   463 | D        | Found a shadowy altar of Dithmenos.
   463 | D        | Found a white marble altar of Elyvilon.
   463 | D        | Found a blossoming altar of Fedhas.
   463 | D        | Found an opulent altar of Gozag.
   464 | D        | Found a hazy altar of Hepliaklqana.
   465 | D        | Found a viscous altar of Jiyva.
   466 | D        | Found an ancient bone altar of Kikubaaqudgha.
   467 | D        | Became a worshipper of Cheibriados the Contemplative
   468 | D        | Found a corrupted altar of Lugonu.
   469 | D        | Found a burning altar of Makhleb.
   470 | D        | Found a sparkling altar of Nemelex Xobeh.
   471 | D        | Found an iron altar of Okawaru.
   472 | D        | Found a stormy altar of Qazlal.
   473 | D        | Found a sacrificial altar of Ru.
   474 | D        | Found a shimmering blue altar of Sif Muna.
   475 | D        | Found a bloodstained altar of Trog.
   476 | D        | Found a hide-covered altar of Uskayaw.
   477 | D        | Found a radiant altar of Vehumet.
   478 | D        | Found an ornate altar of the Wu Jian Council.
   479 | D        | Found a shimmering altar of Xom.
   480 | D        | Found a basalt altar of Yredelemnul.
   481 | D        | Found a glowing silver altar of Zin.
   482 | D        | Found a glowing golden altar of the Shining One.
   535 | D        | Noticed a troll
   535 | D        | Noticed a yak
   535 | D        | Noticed a yak
   535 | D        | Noticed a two-headed ogre
   539 | D        | Reached skill level 5 in Maces & Flails
   544 | D        | Killed a two-headed ogre
   545 | D        | Reached skill level 10 in Shields
   545 | D        | Reached XP level 6. HP: 35/57 MP: 9/12
   545 | D        | Reached XP level 7. HP: 38/63 MP: 9/13
   545 | D        | Reached XP level 8. HP: 43/70 MP: 9/14
   548 | D        | Reached * piety under Cheibriados
   551 | D        | Killed a yak
   555 | D        | Killed a yak
   555 | D        | Reached ** piety under Cheibriados
   560 | D        | Killed a troll
   605 | D        | Noticed an unseen horror
   605 | D        | Noticed a slime creature
   605 | D        | Noticed a cyan ugly thing
   605 | D        | Noticed a centaur warrior
   605 | D        | Noticed a centaur warrior
   605 | D        | Noticed a boulder beetle
   610 | D        | Killed a boulder beetle
   611 | D        | Reached skill level 10 in Fighting
   611 | D        | Reached skill level 10 in Armour
   611 | D        | Reached skill level 10 in Invocations
   611 | D        | Reached XP level 9. HP: 61/79 MP: 15/17
   615 | D        | Killed a centaur warrior
   615 | D        | Reached *** piety under Cheibriados
   617 | D        | Killed a centaur warrior
   618 | D        | Reached skill level 10 in Maces & Flails
   618 | D        | Reached XP level 10. HP: 57/88 MP: 16/18
   629 | D        | Killed a cyan ugly thing
   629 | D        | Reached **** piety under Cheibriados
   630 | D        | Killed an unseen horror
  1175 | D        | Noticed a komodo dragon
  1175 | D        | Noticed a black mamba
  1179 | D        | Killed a black mamba
  1180 | D        | Reached ***** piety under Cheibriados
  1181 | D        | Killed a komodo dragon
  1456 | D        | Noticed a cane toad
  1456 | D        | Noticed a black mamba
  1456 | D        | Noticed a seven-headed hydra
  1456 | D        | Noticed an elephant
  1456 | D        | Noticed a cane toad
  1458 | D        | Noticed a komodo dragon
  1460 | D        | Reached skill level 15 in Shields
  1460 | D        | Killed a cane toad
  1460 | D        | Noticed a seven-headed hydra
  1461 | D        | Reached XP level 11. HP: 88/97 MP: 19/21
  1461 | D        | Reached ****** piety under Cheibriados
  1464 | D        | Killed an elephant
  1465 | D        | Killed a seven-headed hydra
  1466 | D        | Noticed an elephant
  1467 | D        | Killed a seven-headed hydra
  1471 | D        | Killed an elephant
  1766 | D        | Noticed a death yak
  1766 | D        | Noticed a death yak
  1766 | D        | Noticed a catoblepas
  1766 | D        | Noticed a catoblepas
  1766 | D        | Noticed a death yak
  1768 | D        | Noticed a catoblepas
  1779 | D        | Killed a catoblepas
  1779 | D        | Killed a catoblepas
  1779 | D        | Killed a death yak
  1779 | D        | Killed a death yak
  1780 | D        | Reached skill level 15 in Invocations
  1780 | D        | Reached XP level 12. HP: 94/108 MP: 3/23
  1859 | D        | Killed a catoblepas
  1872 | D        | Killed a death yak
  2459 | D        | Noticed an orc high priest
  2462 | D        | Killed an orc high priest
  2464 | D        | Reached skill level 15 in Fighting
  2467 | D        | Reached skill level 15 in Armour
  2469 | D        | Reached skill level 5 in Dodging
  2516 | D        | Found Runuwin's Weapon Boutique.
  2516 | D        | Noticed an orc high priest
  2516 | D        | Noticed an orc high priest
  2519 | D        | Killed an orc high priest
  2520 | D        | Found Bownon's Magic Scroll Shop.
  2521 | D        | Killed an orc high priest
  2523 | D        | Found Eraleq's Distillery.
  2539 | D        | Found Dosukeid's Magic Scroll Shop.
  2541 | D        | Noticed an orc high priest
  2543 | D        | Noticed an orc high priest
  2544 | D        | Noticed a sun demon
  2546 | D        | Killed an orc high priest
  2547 | D        | Noticed an orc high priest
  2547 | D        | Noticed an orc high priest
  2549 | D        | Killed an orc high priest
  2552 | D        | Noticed a sun demon
  2556 | D        | Killed an orc high priest
  2559 | D        | Killed an orc high priest
  2597 | D        | Bought a +3 great mace of pain for 431 gold pieces
  2613 | D        | Bought a scroll of magic mapping for 97 gold pieces
  2613 | D        | Bought a scroll of enchant armour for 97 gold pieces
  2613 | D        | Bought 2 scrolls of fog for 104 gold pieces
  2613 | D        | Bought a scroll of enchant weapon for 97 gold pieces
  2613 | D        | Bought a scroll of fear for 52 gold pieces
  2613 | D        | Bought a scroll of identify for 26 gold pieces
  2613 | D        | Bought a scroll of identify for 26 gold pieces
  2618 | D        | Bought 3 scrolls of enchant weapon for 315 gold pieces
  2618 | D        | Bought a scroll of brand weapon for 133 gold pieces
  2618 | D        | Bought a scroll of identify for 28 gold pieces
  2618 | D        | Bought a scroll of identify for 28 gold pieces
  2618 | D        | Bought a scroll of enchant weapon for 105 gold pieces
  2620 | D        | Bought a potion of might for 56 gold pieces
  2620 | D        | Bought a potion of invisibility for 112 gold pieces
  2620 | D        | Bought a potion of heal wounds for 70 gold pieces
  2628 | D        | Bought a potion of mutation for 112 gold pieces
  2688 | D        | Noticed Erica
  2694 | D        | Killed Erica
  2695 | D        | Reached skill level 1 in Spellcasting
  2695 | D        | Reached skill level 1 in Necromancy
  2826 | D        | Noticed a boulder beetle
  2826 | D        | Noticed a centaur warrior
  2834 | D        | Noticed a fire dragon
  2837 | D        | Reached XP level 13. HP: 117/117 MP: 25/25
  2840 | D        | Noticed a rakshasa
  2842 | D        | Killed a centaur warrior
  2845 | D        | Noticed a stone giant
  2851 | D        | Killed a fire dragon
  3011 | D        | Killed a rakshasa
  3012 | D        | Killed a stone giant
  3015 | D        | Noticed a brown very ugly thing
  3015 | D        | Noticed a white very ugly thing
  3028 | D        | Killed a cyan very ugly thing
  3034 | D        | Killed a cyan very ugly thing
  3035 | D        | Reached skill level 15 in Maces & Flails
  3038 | D        | Reached skill level 5 in Spellcasting
  3038 | D        | Reached skill level 5 in Necromancy
  3197 | D        | Noticed Rupert
  3205 | D        | Killed Rupert
  3377 | D        | Noticed an entropy weaver
  3391 | D        | Killed an entropy weaver
  3594 | D        | Noticed a merfolk impaler
  3600 | D        | Killed a merfolk impaler
  3605 | D        | Reached XP level 14. HP: 120/128 MP: 12/26
  3914 | D        | Reached skill level 1 in Throwing
  4246 | D        | Noticed an eleionoma
  4246 | D        | Noticed a bunyip
  4246 | D        | Noticed an eleionoma
  4248 | D        | Killed a bunyip
  4253 | D        | Noticed an eleionoma
  4262 | D        | Killed an eleionoma
  4276 | D        | Killed an eleionoma
  4277 | D        | Reached skill level 10 in Dodging
  4284 | D        | Killed an eleionoma
  4368 | D        | Noticed Azrael
  4377 | D        | Killed Azrael
  4488 | D        | Noticed Aizul
  4499 | D        | Killed Aizul
  4699 | D        | Noticed a sphinx
  4699 | D        | Noticed a stone giant
  4699 | D        | Noticed a stone giant
  4702 | D        | Killed a stone giant
  4703 | D        | Reached skill level 5 in Throwing
  4708 | D        | Noticed a fire giant
  4711 | D        | Killed a stone giant
  4713 | D        | Noticed a fire giant
  4715 | D        | Noticed a sphinx
  4722 | D        | Killed a sphinx
  4727 | D        | Killed a fire giant
  4737 | D        | Killed a fire giant
  4738 | D        | Reached XP level 15. HP: 72/137 MP: 9/28
  4738 | D        | Killed a sphinx
  4739 | D        | Reached skill level 10 in Spellcasting
  4739 | D        | Reached skill level 10 in Necromancy
  5072 | D        | Noticed a brown very ugly thing
  5077 | D        | Killed a brown very ugly thing
  5079 | D        | Noticed an ironbound preserver
  5090 | D        | Killed an ironbound preserver
  5120 | D        | Noticed a vault warden
  5125 | D        | Noticed an ironbound preserver
  5132 | D        | Killed a vault warden
  5134 | D        | Killed an ironbound preserver
  5459 | D        | Noticed Donald
  5463 | D        | Killed Donald
  5945 | D        | Noticed Mennas
  5970 | D        | Killed Mennas
  6205 | D        | Noticed Kirke
  6217 | D        | Killed Kirke
  6451 | D        | Noticed a nagaraja
  6451 | D        | Noticed a nagaraja
  6451 | D        | Noticed a nagaraja
  6451 | D        | Noticed a nagaraja
  6452 | D        | Noticed a nagaraja
  6457 | D        | Killed a nagaraja
  6457 | D        | Noticed a nagaraja
  6458 | D        | Killed a nagaraja
  6459 | D        | Killed a nagaraja
  6462 | D        | Killed a nagaraja
  6463 | D        | Reached skill level 10 in Throwing
  6463 | D        | Reached XP level 16. HP: 91/148 MP: 12/32
  6464 | D        | Killed a nagaraja
  6467 | D        | Killed a nagaraja
  6469 | D        | Noticed a nagaraja
  6479 | D        | Killed a nagaraja
  6485 | D        | Got a serpentine rune of Zot
  6601 | D        | Noticed Ilsuiw
  6614 | D        | Killed Ilsuiw
  6643 | D        | Got a barnacled rune of Zot
  6853 | D        | Got a decaying rune of Zot
  7056 | D        | Noticed an emperor scorpion
  7066 | D        | Killed an emperor scorpion
  7067 | D        | Noticed an emperor scorpion
  7082 | D        | Killed an emperor scorpion
  7112 | D        | Noticed an emperor scorpion
  7118 | D        | Killed an emperor scorpion
  7125 | D        | Got a gossamer rune of Zot
  7438 | D        | Noticed Nessos
  7460 | D        | Killed Nessos
  7726 | D        | Noticed Xtahua
  7736 | D        | Killed Xtahua
  8005 | D        | Reached XP level 17. HP: 133/159 MP: 35/35
  8048 | D        | Reached skill level 15 in Dodging
  8048 | D        | Reached skill level 15 in Necromancy
  8065 | D        | Reached skill level 15 in Spellcasting
  8100 | D        | Noticed a golden dragon
  8120 | D        | Killed a golden dragon
  8121 | D        | Noticed a shadow dragon
  8183 | D        | Noticed a shadow dragon
  8190 | D        | Killed a shadow dragon
  8199 | D        | Killed a shadow dragon
  8282 | D        | Noticed a shadow dragon
  8282 | D        | Noticed a shadow dragon
  8282 | D        | Noticed a golden dragon
  8282 | D        | Noticed a tentacled monstrosity
  8282 | D        | Noticed a shadow dragon
  8290 | D        | Noticed a shadow dragon
  8291 | D        | Killed a tentacled monstrosity
  8293 | D        | Killed a golden dragon
  8293 | D        | Noticed a shadow dragon
  8295 | D        | Killed a shadow dragon
  8297 | D        | Killed a shadow dragon
  8304 | D        | Killed a shadow dragon
  8305 | D        | Reached skill level 15 in Throwing
  8307 | D        | Killed a shadow dragon
  8310 | D        | Killed a shadow dragon
  8314 | D        | Got a silver rune of Zot
  8624 | D        | Noticed Agnes
  8626 | D        | Killed Agnes
  8654 | D        | Noticed Louise
  8667 | D        | Killed Louise
  8701 | D        | Noticed Jory
  8718 | D        | Killed Jory
  9112 | D        | Got the ring of Summertime {MP+9 Str+3}
  9114 | D        | Got the ring of Vanity {rF+ Will+ Str+2}
  9116 | D        | Got the amulet of Siramem {rN+ Regen+ Str+3}
  9118 | D        | Got the ring of the Barnacled God {rPois rF++ rN+ Int+4
                  | Slay-3}
  9120 | D        | Got the ring "Jof Offo" {Contam rElec rF+ Stlth+}
  9121 | D        | Found the +10 zealot's sword {holy, Zealotry, *Rage rN+
                  | EV+3}
  9234 | D        | Got the +5 battleaxe "Xofakul" {freeze, rN+ Str+2}
  9299 | D        | Noticed Sojobo
  9299 | D        | Noticed a tengu reaver
  9301 | D        | Noticed a tengu reaver
  9307 | D        | Killed a tengu reaver
  9308 | D        | Reached XP level 18. HP: 158/171 MP: 23/38
  9317 | D        | Killed Sojobo
  9318 | D        | Reached skill level 27 in Shields
  9374 | D        | Noticed Nikola
  9385 | D        | Killed Nikola
  9448 | D        | Noticed Frances
  9458 | D        | Killed Frances
  9476 | D        | Noticed a lich
  9482 | D        | Killed a lich
  9487 | D        | Noticed a tentacled monstrosity
  9496 | D        | Reached skill level 5 in Stealth
  9505 | D        | Killed a tentacled monstrosity
  9572 | D        | Reached skill level 10 in Stealth
  9574 | D        | Noticed a golden dragon
  9589 | D        | Killed a golden dragon
  9637 | D        | Noticed a tentacled monstrosity
  9641 | D        | Killed a tentacled monstrosity
  9856 | D        | Noticed a death cob
  9861 | D        | Killed a death cob
 10177 | D        | Noticed a tentacled monstrosity
 10187 | D        | Killed a tentacled monstrosity
 10191 | D        | Noticed a death cob
 10201 | D        | Reached skill level 15 in Stealth
 10220 | D        | Killed a death cob
 10226 | D        | Noticed a death cob
 10239 | D        | Reached XP level 19. HP: 161/183 MP: 42/42
 10377 | D        | Noticed an Orb Guardian
 10377 | D        | Noticed an Orb Guardian
 10377 | D        | Noticed an Orb Guardian
 10377 | D        | Noticed an Orb Guardian
 10377 | D        | Noticed an Orb Guardian
 10377 | D        | Noticed an Orb Guardian
 10378 | D        | Noticed an Orb Guardian
 10387 | D        | Killed an Orb Guardian
 10390 | D        | Killed an Orb Guardian
 10390 | D        | Noticed an Orb Guardian
 10392 | D        | Killed an Orb Guardian
 10396 | D        | Killed an Orb Guardian
 10401 | D        | Killed an Orb Guardian
 10406 | D        | Killed an Orb Guardian
 10408 | D        | Killed an Orb Guardian
 10414 | D        | Killed an Orb Guardian
 10416 | D        | Noticed an Orb Guardian
 10417 | D        | Noticed an Orb Guardian
 10422 | D        | Killed an Orb Guardian
 10426 | D        | Killed an Orb Guardian
 10430 | D        | Noticed an Orb Guardian
 10430 | D        | Noticed an Orb Guardian
 10430 | D        | Noticed a tentacled monstrosity
 10431 | D        | Noticed an Orb Guardian
 10440 | D        | Noticed an Orb Guardian
 10445 | D        | Killed a tentacled monstrosity
 10449 | D        | Killed an Orb Guardian
 10452 | D        | Killed an Orb Guardian
 10462 | D        | Killed an Orb Guardian
 10465 | D        | Killed an Orb Guardian
 10492 | D        | Noticed an ancient lich
 10502 | D        | Killed an ancient lich
 10504 | D        | Noticed an orb of fire
 10520 | D        | Gained mutation: You do not regenerate when monsters are
                  | visible. [an orb of fire]
 10524 | D        | Killed an orb of fire
 10559 | D        | Noticed an electric golem
 10561 | D        | Killed an electric golem
 10563 | D        | Noticed an electric golem
 10563 | D        | Noticed a golden dragon
 10564 | D        | Noticed a tentacled monstrosity
 10566 | D        | Killed a golden dragon
 10571 | D        | Noticed an orb of fire
 10582 | D        | Noticed an orb of fire
 10594 | D        | Noticed an orb of fire
 10603 | D        | Killed an orb of fire
 10604 | D        | Noticed an Orb Guardian
 10612 | D        | Killed an Orb Guardian
 10613 | D        | Killed an orb of fire
 10613 | D        | Noticed an electric golem
 10614 | D        | Killed an orb of fire
 10615 | D        | Reached XP level 20. HP: 81/196 MP: 6/45
 10620 | D        | Killed a tentacled monstrosity
 10627 | D        | Killed an electric golem
 10640 | D        | Killed an electric golem
 10641 | D        | Reached skill level 27 in Fighting
 11253 | D        | Reached skill level 27 in Armour
 11704 | D        | Noticed an ancient lich
 11704 | D        | Noticed an ancient lich
 11709 | D        | Killed an ancient lich
 11711 | D        | Killed an ancient lich
 12125 | D        | Noticed a Brimstone Fiend
 12136 | D        | Got an elven rune of Zot
 12604 | D        | Reached skill level 27 in Maces & Flails
 12616 | D        | Noticed the Royal Jelly
 12630 | D        | Killed the Royal Jelly
 12631 | D        | Reached XP level 21. HP: 189/204 MP: 6/49
 12892 | D        | Got a slimy rune of Zot
 13765 | D        | HP: 10/204 [??? (5)]
 13769 | D        | HP: 1/204 [something (10)]
 13802 | D        | HP: 9/204 [??? (3)]
 13808 | D        | HP: 7/204 [torment (2)]
 13974 | D        | Noticed a royal mummy
 13974 | D        | Noticed a royal mummy
 13974 | D        | Noticed a royal mummy
 13976 | D        | Lost mutation: You do not regenerate when monsters are
                  | visible. [potion of mutation]
 13976 | D        | Gained mutation: You occasionally lose the ability to read
                  | scrolls when taking damage. [potion of mutation]
 13976 | D        | Gained mutation: You are frail. (-10% HP) [potion of
                  | mutation]
 13976 | D        | Gained mutation: You are clumsy. (Dex -2) [potion of
                  | mutation]
 13976 | D        | Gained mutation: You are partially covered in iridescent
                  | scales. (AC +2) [potion of mutation]
 13978 | D        | Noticed a royal mummy
 13989 | D        | Killed a royal mummy
 13994 | D        | Noticed a royal mummy
 13996 | D        | HP: 7/183 [mummy priest/divine providence (15)]
 13996 | D        | Killed from afar by a royal mummy

Illustrated notes

Levels and vault maps discovered:
D:        linesprint [early_d, line_temple, items_1, d_10, items_2, lair_1,
          lair_end, items_3, orc_1, orc_end, items_4, d_15, swamp_1, shoals_1,
          snake_1, spider_1, d_20, vaults_1, items_5, swamp_end, shoals_end,
          snake_end, spider_end, vaults_end, d_27, items_6, zot_1, zot_end,
          crypt_end, forest_end, elf_end, slime_end, tomb_end, abyss_end,
          pan_hell_end]

Skill      XL: |  1  2  3  4  5  6  7  8  9 10 11 12 13 14 15 16 17 18 19 20 21 |
---------------+----------------------------------------------------------------+-----
Invocations    | 3 4 8 10 11 13 15 16 | 16.5
Fighting       | 4 5 8 10 11 12 14 15 17 18 20 21 23 25 26 27 | 27.0
Maces & Flails | 3 4 7 9 10 11 13 14 15 17 18 19 21 23 24 27 | 27.0
Armour         | 4 5 8 10 11 12 14 15 17 18 20 21 23 24 26 27 | 27.0
Shields        | 5 6 10 12 13 15 16 18 20 21 23 25 26 27 | 27.0
Dodging        | 3 6 9 11 12 14 16 18 20 23 25 | 25.1
Spellcasting   | 2 7 9 12 14 16 19 21 24 26 | 26.4
Necromancy     | 2 7 9 12 14 16 19 21 24 26 | 26.5
Throwing       | 6 10 12 15 17 20 23 25 | 25.7
Stealth        | 15 20 | 20.5

Action                     |  1- 3 |  4- 6 |  7- 9 | 10-12 | 13-15 | 16-18 | 19-21 || total
---------------------------+-------+-------+-------+-------+-------+-------+-------++-------
  Melee: Flail             |    15 |    24 |       |       |       |       |       ||    39
         Dire flail        |       |     8 |    26 |    63 |       |       |       ||    97
         Great mace        |       |       |       |    14 |   253 |   472 |   399 ||  1138
  Throw: Boomerang         |       |       |       |       |    24 |    34 |     3 ||    61
         Javelin           |       |       |       |       |       |       |     2 ||     2
 Invoke: Slouch            |       |       |       |    27 |    46 |    39 |    54 ||   166
         Step From Time    |       |       |       |       |       |       |     2 ||     2
    Use: Potion            |     1 |     2 |     1 |     7 |     5 |     5 |    13 ||    34
         Scroll            |       |       |       |     6 |       |       |       ||     6
   Stab: Sleeping          |       |       |       |       |       |     5 |    13 ||    18
         Invisible         |       |       |       |       |       |       |     1 ||     1
 Armour: Scale mail        |     2 |     6 |       |       |       |       |       ||     8
         Chain mail        |       |     3 |    24 |    51 |       |       |       ||    78
         Plate armour      |       |       |       |       |    51 |    28 |       ||    79
         Shadow dragon sca |       |       |       |       |       |    19 |    36 ||    55
  Dodge: Dodged            |     3 |    15 |    13 |    34 |    81 |   210 |   137 ||   493
  Block: Buckler           |     5 |     8 |    15 |    38 |       |       |       ||    66
         Tower shield      |       |       |       |     8 |   276 |   530 |   313 ||  1127
